 Dungeon Crawl Stone Soup version 0.22-a0-359-g5e80d7e (webtiles) character file.

20 WIZARO the Ruffian (level 2, -2/29 HPs)
             Began as a Troll Berserker on Apr 18, 2018.
             Was a Follower of Trog.
             Slain by a kobold
             ... wielding a +4 short sword of electrocution
              (19 damage)
             ... on level 1 of the Dungeon.
             The game lasted 00:03:23 (385 turns).

WIZARO the Ruffian (Troll Berserker)                 Turns: 385, Time: 00:03:23

Health: -2/29      AC:  5    Str: 24    XL:     2   Next: 58%
Magic:  1/1        EV: 10    Int:  3    God:    Trog [*.....]
Gold:   11         SH:  0    Dex:  9    Spells: 1/1 levels left

rFire    . . .     SeeInvis .   f - +0 club
rCold    . . .     Gourm    +   (no shield)
rNeg     . . .     Faith    .   a - +0 animal skin
rPois    .         Spirit   .   (helmet restricted)
rElec    .         Reflect  .   (no cloak)
rCorr    .         Harm     .   (gloves unavailable)
MR       .....                  (boots unavailable)
Stlth    +.........             (no amulet)
HPRegen  0.49/turn              (no ring)
MPRegen  0.07/turn              (no ring)

@: no status effects
A: large, unfitting armour, claws 3, fast metabolism 3, gourmand, regeneration
1, shaggy fur 1, tough skin 2
a: Berserk, Renounce Religion


You were on level 1 of the Dungeon.
You worshipped Trog.
Trog was aware of your devotion.
You were hungry.

You visited 1 branch of the dungeon, and saw 1 of its levels.

You collected 11 gold pieces.

Inventory:

Hand Weapons
 c - a +0 whip
 d - a +0 dagger
 f - a +0 club (weapon)
Missiles
 e - 6 large rocks (quivered)
Armour
 a - a +0 animal skin (worn)
Comestibles
 b - 2 rations


   Skills:
 + Level 2.7 Fighting
 + Level 0.1 Maces & Flails
 + Level 2.7 Dodging
 + Level 3.2 Unarmed Combat


You had one spell level left.
You didn't know any spells.

Dungeon Overview and Level Annotations

Branches:
Dungeon (1/15)

Altars:


Innate Abilities, Weirdness & Mutations

You are too large for most types of armour.
You have claws for hands.
Your metabolism is lightning-fast.
You like to eat raw meat.
Your natural rate of healing is unusually fast.
You are covered in fur. (AC +1)
You have very tough skin. (AC +2)


Message History

The bat completely misses you. The goblin hits you but does no damage.
The kobold hits you with a short sword of electrocution.
You closely miss the goblin.
The goblin is moderately wounded.
The bat hits you but does no damage. The goblin barely misses you.
The kobold hits you with a short sword of electrocution.
The goblin hits you with a club.
You miss the goblin.
The goblin is moderately wounded.
The bat completely misses you.
The kobold hits you with a short sword of electrocution.
The goblin hits you with a club. The kobold closely misses you.
You hit the goblin.
You kill the goblin!
Trog accepts your kill. The kobold barely misses you.
The bat barely misses you. The bat closely misses you.
The kobold hits you but does no damage.
You are electrocuted!
Ouch! That really hurt!
You die...

......................#
..#........#####.#....#
.#.....##...####.#....##
#.......##.......#......
#.......##.†..........##
..........††...>#####.#
....(...............#.##
##.....b..#...........##
#.....K@#######.........
#.......# ###.......
#.......( ..####....
##......## ...........
##...#.# ...........
#...... ...........
#...... ###...####.
#...... #.## ## ...


You could see a bat and a kobold.

Vanquished Creatures
  A dart slug (D:1)
  A giant cockroach (D:1)
  5 goblins (D:1)
  2 hobgoblins (D:1)
  A jackal (D:1)
  2 kobolds (D:1)
  2 bats (D:1)
  4 rats (D:1)
18 creatures vanquished.

Notes
Turn   | Place    | Note
-------+----------+-------------------------------------------
     0 | D:1      | WIZARO the Troll Berserker began the quest for the Orb.
     0 | D:1      | Reached XP level 1. HP: 22/22 MP: 0/0
   128 | D:1      | Reached XP level 2. HP: 28/29 MP: 1/1
   385 | D:1      | Slain by a kobold

Vault maps used:
D:1:      sevenhm_arrival_forest_fort_small_6, skrybe_limestone_x,
          minmay_heptomino_w4

Action                   || total
-------------------------++-------
Melee: Unarmed           ||    26
       Whip              ||    47
       Club              ||     7
Armor: Animal skin       ||    80
Dodge: Dodged            ||   122

Table legend:
 A = Spawn XP
 B = Non-spawn XP
 C = Spawn XP percentage of total XP
 D = Spawn monster count
 E = Non-spawn monster count
 F = Spawn count percentage of total count
 G = Total turns spent on level
                    A         B        C        D         E        F      G
               +---------+---------+-------+---------+---------+-------+---------
         Total |       0 |      29 |   0.0 |       0 |      18 |   0.0 |   385
               +---------+---------+-------+---------+---------+-------+---------
           D:1 |       0 |      29 |   0.0 |       0 |      18 |   0.0 |   385
               +---------+---------+-------+---------+---------+-------+---------
